 Dungeon Crawl Stone Soup version 0.28-a0-1506-g3893175d92 (webtiles) character file.

Game seed: 8399571692914561652

9 knot the Chopper (level 2, 9/36 HPs)
             Began as a Demonspawn Berserker on Jan 14, 2022.
             Was a Follower of Trog.
             Quit the game on level 1 of the Dungeon.
             The game lasted 00:00:19 (214 turns).

knot the Chopper (Demonspawn Berserker)              Turns: 214, Time: 00:00:20

Health: 9/36       AC:  2    Str: 17    XL:     2   Next: 3%
Magic:  2/2        EV: 12    Int:  8    God:    Trog [*.....]
Gold:   20         SH:  0    Dex: 12    Spells: 1/1 levels left

rFire   . . .      SeeInvis .   a - +0 hand axe
rCold   . . .      Faith    .   (no shield)
rNeg    . . .      Spirit   .   b - +0 animal skin
rPois   .          Reflect  .   (no helmet)
rElec   .          Harm     .   (no cloak)
rCorr   .          Rampage  .   (no gloves)
Will    .....                   (no boots)
Stlth   ..........              (no amulet)
HPRegen 0.12/turn               (no ring)
MPRegen 0.08/turn               (no ring)

@: berserking, very quick
A: powered by pain 1
a: Renounce Religion, Berserk


You were on level 1 of the Dungeon.
You worshipped Trog.
Trog was aware of your devotion.
You visited 1 branch of the dungeon, and saw 1 of its levels.

You collected 20 gold pieces.

Inventory:

Hand Weapons
 a - a +0 hand axe (weapon)
Missiles
 c - 20 stones (quivered)
 d - 16 sling bullets
 e - 2 atropa-tipped darts
Armour
 b - a +0 animal skin (worn)
Scrolls
 g - a scroll of fear {unknown}
Potions
 f - a potion of curing {unknown}


   Skills:
 - Level 3.0 Fighting
 + Level 3.2 Axes
 - Level 1.7 Armour
 - Level 1.7 Dodging


You had one spell level left.
You didn't know any spells.
Your spell library contained the following spells:

 Spells                   Type           Power      Damage    Failure   Level
 Shock                    Conj/Air       0%         1d3       41%         1
 Swiftness                Air            0%         N/A       78%         3
 Airstrike                Air            0%         N/A       99%         4


Dungeon Overview and Level Annotations

Branches:
Dungeon (1/15)

Altars:


Innate Abilities, Weirdness & Mutations

You sometimes gain a little power by taking damage.


Message History

An endoplasm comes into view.
A bat and a giant cockroach come into view.
Found 15 stones.
The kobold hits you with a +0 dagger.
You hit the giant cockroach but do no damage.
You hit the kobold but do no damage. The giant cockroach bites you.
The kobold hits you with a +0 dagger.
A red film seems to cover your vision as you go berserk!
You feel yourself moving faster!
You feel mighty! The giant cockroach bites you.
The bat hits you but does no damage. The kobold hits you with a +0 dagger.
The endoplasm freezes you.
You are frozen.
The giant cockroach barely misses you.
You are too injured to fight recklessly!
You are too injured to fight recklessly!
You are too injured to fight recklessly!
You are too injured to fight recklessly!
Unknown command.
You are too injured to fight recklessly!
You hit the giant cockroach.
The giant cockroach is moderately wounded.
You closely miss the kobold. You completely miss the endoplasm.
You slash the bat!
You kill the bat!
Trog accepts your kill. The kobold hits you with a +0 dagger.
The endoplasm hits you.
You barely miss the kobold. You slash the endoplasm!
You kill the endoplasm!
Trog accepts your kill.
You hit the giant cockroach.
You kill the giant cockroach!
Trog accepts your kill.
You hit the giant cockroach.
You kill the giant cockroach!
Trog accepts your kill. The kobold hits you with a +0 dagger.
* * * LOW HITPOINT WARNING * * *
You have reached level 2!
Your demonic ancestry asserts itself...
You feel energised by your suffering.
Are you sure you want to abandon this character and quit the game? (Confirm with "yes".)

........#.#....#
........#.##.###.#.#.#.#
.....##.#.##............
.....##.#.######.......#
.....##.#.. .........
.....##.### ##.......#
........# ...>.....
.....###########.......#
+#..............@Kl....(
...#....########.#$#.#.#
...#....'............
...#....#..............
...#....#.####.........#
...#....#.####.........#
........#.......######..
....)#..........#
...†.........#.##


You could see a kobold and a frilled lizard.

Vanquished Creatures
  An endoplasm (D:1)
  2 giant cockroaches (D:1)
  A goblin (D:1)
  A hobgoblin (D:1)
  A ball python (D:1)
  A bat (D:1)
  A frilled lizard (D:1)
8 creatures vanquished.

Notes
Turn   | Place    | Note
-------+----------+-------------------------------------------
     0 | D:1      | knot the Demonspawn Berserker began the quest for the Orb.
     0 | D:1      | Reached XP level 1. HP: 18/18 MP: 1/1
    81 | D:1      | Found a faded altar of an unknown god.
   214 | D:1      | Gained mutation: You sometimes gain a little power by
                  | taking damage. [demonic ancestry]
   214 | D:1      | Reached XP level 2. HP: 9/24 MP: 2/2
   214 | D:1      | Quit the game

Illustrated notes

Levels and vault maps discovered:
D:1:      kennysheep_arrival_seaside, layout_basic,
          chequers_ecumenical_altar_simple, st_stairs_4, grunt_decor_arrowhead,
          minmay_misc_feat_doors, minmay_vboxes

Skill      XL: |  1 |
---------------+----+-----
Axes           | 3 |  3.2
Fighting       | |  3.0
Armour         | |  1.7
Dodging        | |  1.7

Action                   || total
-------------------------++-------
Melee: Hand axe          ||    16
Invok: Berserk           ||     1
Armor: Animal skin       ||     3
Dodge: Dodged            ||     9

Table legend: (Time is in decaauts)
 A = Elapsed time spent in this place.
 B = Non-inter-level travel time spent in this place.
 C = Inter-level travel time spent in this place.
 D = Time resting spent in this place.
 E = Time spent auto-exploring this place.
 F = Levels seen in this place.
 G = Mean time per level.
                   A        B        C        D        E       F      G
               +--------+--------+--------+--------+--------+-----+--------+
         Total |    215 |    215 |      0 |      0 |    174 |   1 |  215.0 |
       Dungeon |    215 |    215 |      0 |      0 |    174 |   1 |  215.0 |
               +--------+--------+--------+--------+--------+-----+--------+

Top non-repeatable levels by time:
     D:1: 215 daAuts
